 Dungeon Crawl Stone Soup version 0.30.1 (webtiles) character file.

Game seed: 13444492503596036181

170895 LynnLen the Imperceptible (level 17, -3/86 HPs)
             Began as a Spriggan Enchanter on July 12, 2023.
             Was the Champion of Dithmenos.
             Slain by a spriggan rider
             ... wielding a +0 spear
              (15 damage)
             ... on level 3 of the Swamp.
             The game lasted 02:55:07 (51337 turns).

LynnLen the Imperceptible (Spriggan Enchanter)     Turns: 51337, Time: 02:55:07

Health: -3/86      AC: 13    Str:  7    XL:     17   Next: 38%
Magic:  34/34      EV: 28    Int: 27    God:    Dithmenos [******]
Gold:   802        SH:  0    Dex: 19    Spells: 4/40 levels left

rFire   + . .        z - +7 dagger (venom)
rCold   . . .        (no shield)
rNeg    + . .        a - +5 steam dragon scales
rPois   +            P - +0 mask of the Dragon {Will+ Slay+3 SInv}
rElec   .            R - +2 cloak of Dawn {rN+ Str+3}
rCorr   .            (gloves unavailable)
SInv    +            (boots unavailable)
Will    +++..        Z - amulet of magic regeneration Stlth *****+++++
                     X - ring "Beitwid" {+Blink rF+ Int+6}
HPRegen 0.34/turn    o - ring of poison resistance
MPRegen 0.64/turn

%: no passive effects
@: confusing by touch, wreathed by umbra, very quick
A: very small, no large weapons, unfitting armour, see invisible, speed 3
a: Renounce Religion, Evoke Blink, Shadow Step, Shadow Form


You were on level 3 of the Swamp.
You worshipped Dithmenos.
Dithmenos was exalted by your worship.
You visited 5 branches of the dungeon, and saw 30 of its levels.
You also visited: Sewer and Gauntlet.

You collected 3738 gold pieces.
You spent 2936 gold pieces at shops.

Inventory:

Hand Weapons
 z - a +7 dagger of venom (weapon)
Armour
 a - +5 steam dragon scales (worn)
 P - the +0 mask of the Dragon (worn) {Will+ Slay+3 SInv}
   (You acquired it on level 3 of the Snake Pit)

   Slay:      It affects your accuracy & damage with ranged weapons and melee
   (+3).
   SInv:      It lets you see invisible.
   Will:      It increases your willpower.
 R - the +2 cloak of Dawn (worn) {rN+ Str+3}
   (You found it on level 3 of the Swamp)

   Str:       It affects your strength (+3).
   rN:        It protects you from negative energy.
 Y - the +0 cloak of Compassion {+Blink Will- Int+5}
   (You found it in a Gauntlet)

   Int:       It affects your intelligence (+5).
   +Blink:    It lets you blink.
   Will:      It decreases your willpower.
Jewellery
 h - a +4 ring of protection
 o - a ring of poison resistance (right hand)
 r - a ring of positive energy
 y - an amulet of reflection
 E - a ring of protection from cold
 I - a ring of protection from cold
 J - a ring of positive energy
 K - the ring of Mamai {Fly rF- rC++ Dex+3}
   (You took it off a minotaur in a Gauntlet)

   [ring of flight]

   Dex:       It affects your dexterity (+3).
   rF:        It makes you vulnerable to fire.
   rC:        It greatly protects you from cold.
   Fly:       It grants you flight.
 T - the ring "Walinec" {MP+9 AC+4 Int+2}
   (You found it on level 3 of the Lair of Beasts)

   [ring of protection]

   AC:        It affects your AC (+4).
   Int:       It affects your intelligence (+2).
   MP:        It affects your magic capacity (+9).
 X - the ring "Beitwid" (left hand) {+Blink rF+ Int+6}
   (You bought it in a shop on level 9 of the Dungeon)

   [ring of protection from fire]

   Int:       It affects your intelligence (+6).
   rF:        It protects you from fire.
   +Blink:    It lets you blink.
 Z - an amulet of magic regeneration (around neck)
Wands
 d - a wand of mindburst (17)
 f - a wand of digging (17)
 l - a wand of flame (55)
 s - a wand of paralysis (51)
 A - a wand of polymorph (24)
 H - a wand of iceblast (7)
 S - a wand of acid (8)
Scrolls
 b - 11 scrolls of teleportation
 c - 3 scrolls of fear
 e - 2 scrolls of poison
 i - 2 scrolls of silence
 j - 6 scrolls of fog
 p - 2 scrolls of torment
 q - a scroll of magic mapping
 v - 2 scrolls of enchant armour
 w - 8 scrolls of amnesia
 C - 3 scrolls of summoning
 O - a scroll of brand weapon
 U - 3 scrolls of immolation
Potions
 g - 2 potions of magic
 k - 2 potions of cancellation
 n - 2 potions of might
 t - 4 potions of haste
 u - 2 potions of berserk rage
 x - 8 potions of mutation
 B - 5 potions of lignification
 D - 4 potions of brilliance
 F - a potion of flight
 G - 3 potions of ambrosia
 N - 2 potions of resistance
 Q - a potion of invisibility
 W - 6 potions of attraction
Miscellaneous
 m - a piece from Xom's chessboard (15/15)
 L - a box of beasts (inert)
 M - a tin of tremorstones (2/2)


   Skills:
 + Level 8.3 Fighting
 - Level 10.0 Short Blades
 + Level 13.2 Dodging
 * Level 23.7 Stealth
 + Level 12.2 Spellcasting
 * Level 17.7 Hexes
 - Level 4.4 Ice Magic
 - Level 7.0 Poison Magic
 + Level 9.6 Invocations
 - Level 10.0 Evocations


You had 4 spell levels left.
You knew the following spells:

 Your Spells              Type           Power      Damage    Failure   Level
a - Ensorcelled Hibernat  Hex/Ice        100%       N/A       1%          2
b - Confusing Touch       Hex            84%        N/A       0%          3
c - Tukima's Dance        Hex            84%        N/A       0%          3
d - Olgreb's Toxic Radia  Pois           53%        N/A       1%          4
e - Fulminant Prism       Conj/Hex       29%        3d14      1%          4
f - Summon Mana Viper     Hex/Summ       59%        N/A       2%          5
g - Enfeeble              Hex            42%        N/A       1%          7
h - Discord               Hex            42%        N/A       16%         8

Your spell library contained the following spells:

 Spells                   Type           Power      Damage    Failure   Level
 Sting                    Tmut/Pois      100%       1d8       1%          1
 Cigotuvi's Dreadful Rot  Necr/Pois/Air  58%        N/A       1%          2
 Poisonous Vapours        Pois/Air       70%        N/A       1%          2
 Dazzling Flash           Conj/Hex       100%       N/A       1%          3
 Inner Flame              Hex/Fire       59%        N/A       1%          3
 Kiss of Death            Conj/Necr      64%        2d10      3%          1
 Magic Dart               Conj           64%        1d6       3%          1
 Ignite Poison            Fire/Tmut/Pois 29%        N/A       4%          3
 Blink                    Tloc           32%        N/A       5%          2
 Lesser Beckoning         Tloc           32%        N/A       5%          2
 Momentum Strike          Conj/Tloc      32%        3d8       5%          2
 Passwall                 Tmut/Erth      13%        N/A       5%          2
 Scorch                   Fire           32%        2d6       5%          2
 Searing Ray              Conj           32%        2d5       5%          2
 Swiftness                Air            16%        N/A       11%         3
 Animate Dead             Necr           16%        N/A       34%         4
 Dispel Undead            Necr           16%        3d10      34%         4
 Flame Wave               Conj/Fire      16%        2d7       34%         4
 Passage of Golubria      Tloc           16%        N/A       34%         4
 Silence                  Hex/Air        29%        N/A       2%          5
 Yara's Violent Unravell  Hex/Tmut       29%        3d12      2%          5
 Freezing Cloud           Conj/Ice/Air   12%        6-21      45%         5
 Agony                    Necr           16%        N/A       67%         5
 Borgnjor's Vile Clutch   Necr/Erth      8%         N/A       67%         5
 Summon Forest            Summ/Tloc      8%         N/A       67%         5
 Death Channel            Necr           8%         N/A       99%         6
 Summon Cactus Giant      Summ           8%         N/A       99%         6
 Ignition                 Fire           8%         3d5       100%        8


Dungeon Overview and Level Annotations

Branches:
Dungeon (15/15)            Temple (0/1) D:5            Lair (5/5) D:9
  Swamp (4/4) Lair:2        Snake (4/4) Lair:2        Slime (0/5) Lair:4
    Orc (2/2) D:9             Elf (0/3) Orc:2        Vaults (0/5) D:14
 Depths (0/4) D:15          Sewer (visited)         Gauntlet (visited)

Altars:
Ashenzari
Cheibriados
Dithmenos
Elyvilon
Gozag
Kikubaaqudgha
Makhleb
Okawaru
Qazlal
Ru
Sif Muna
Trog
Uskayaw
Wu Jian
Xom
Yredelemnul
The Shining One
Jiyva

Shops:
D:2 ?   D:9 =   D:10 *   D:11 ?   Orc:2 **([   Snake:1 ?*(   Snake:2 ?
Snake:3 [(*(!   Snake:4 !

Annotations:
D:6 2 transporters, middlethird's ghost, amateur VSRe
D:10 3 runed translucent doors
Lair:5 exclusion: obsidian statue
Snake:1 Roxanne
Snake:2 3 runed translucent doors, alvan145's ghost, journeyman MiBe


Innate Abilities, Weirdness & Mutations

You are very small and have problems with some larger weapons.
You are too small for most types of armour.
You have supernaturally acute eyesight. (SInv)
You cover ground extremely quickly. (Speed+++)


Message History

Press: ? - help, Q - select action, (/) - cycle Dir - look around, f - activate Your hands begin to glow red.
The spriggan rider misses you.
You miss the spriggan rider.
The spriggan rider hits you with a +0 spear!!
* * * LOW HITPOINT WARNING * * *
You closely miss the spriggan rider.
Unknown command.
You hit the spriggan rider but do no damage.
Your shadow barely misses the spriggan rider.
The spriggan rider completely misses you.
You barely miss the spriggan rider.
Okay, then.
Okay, then.
Okay, then.
The spriggan rider barely misses you.
You enter the shallow water.
Moving in this stuff is going to be slow.
The spriggan rider hits you from afar with a +0 spear!
* * * LOW HITPOINT WARNING * * *
You blink.
Splash!
You fall into the shallow water.
Moving in this stuff is going to be slow.
The spriggan rider hits you but does no damage.
The spriggan rider hits you but does no damage.
You feel better.
You feel stable enough to blink again.
The spriggan rider hits you but does no damage.
Unknown command.
The spriggan rider hits you from afar with a +0 spear!
* * * LOW HITPOINT WARNING * * *
Okay, then.
The spriggan rider completely misses you.
You hit the spriggan rider but do no damage.
Your shadow misses the spriggan rider. You closely miss the spriggan rider.
Your shadow hits the spriggan rider with a dagger.
The spriggan rider hits you with a +0 spear!
You die...

♣...♣♣♣♣.~~♣♣~~~.♣
.~..♣♣~.~..♣♣..~>♣
~~~~~~~~.~.<.~~~~♣
~~..~.♣~~~~♣§~~~.♣
♣♣♣
~~~.♣.♣~~~.~~~~~.♣♣
♣.♣
~~..~..~.♣♣♣♣~.[..♣
♣♣.♣ ~~~~~.♣♣♣♣
♣§~≈~~♣♣♣~♣♣
~~♣♣♣♣♣ ♣♣~.i§.♣..♣
~~~♣ ♣♣.@~.♣~♣♣
~.♣♣ ♣♣.~>.~♣ .♣♣
♣.~.~.♣♣ .♣ ♣♣~~~.♣
.♣ ♣.~~.♣ ♣♣
♣♣~.~♣♣ ♣ ♣♣♣~.♣♣ ♣
♣~..♣ ♣ ♣♣<♣♣


You could see a spriggan rider.

Vanquished Creatures
  Gastronok (D:11)
  A fire giant (D:12)
  Louise (Snake:1)
  Aizul (Snake:1)
  3 orc warlords (Orc:2)
  A stone giant (D:15)
  4 eleionomae
  2 dire elephants (Lair:5)
  Azrael (Snake:1)
  A bunyip (Swamp:1)
  A minotaur (Gauntlet)
  The ghost of spardeous the Nimble, a journeyman FeEE of Gozag (D:12)
  An ice dragon (Lair:3)
  2 salamander tyrants
  Harold (Lair:1)
  8 hydras
  Erolcha (D:9)
  A ghost crab (Swamp:3)
  An ogre mage (Orc:2)
  8 anacondas
  7 naga warriors
  A boulder beetle (D:11)
  4 centaur warriors
  7 two-headed ogres
  10 death yaks
  8 alligators
  A tengu warrior (D:14)
  3 naga sharpshooters
  Urug (D:11)
  An orc high priest (Orc:2)
  3 shock serpents
  7 spriggans
  A fire crab (shapeshifter) (D:14)
  A spectral death yak (Lair:5)
  A salamander mystic (Snake:2)
  A sixfirhy (Gauntlet)
  A death drake (Swamp:3)
  4 goliath frogs
  A skeletal warrior (D:14)
  A spectral anaconda (Lair:5)
  7 bog bodies
  2 spriggan druids
  2 swamp dragons (Swamp:1)
  6 naga ritualists
  5 orc knights
  4 necromancers (Lair:5)
  Pikel (D:6)
  An oklob plant (Lair:4)
  13 mana vipers
  2 lindwurms (Lair:4)
  3 cyclopes
  20 ugly things
  A manticore (D:13)
  3 orc sorcerers
  23 salamanders
  11 elephants
  2 will-o-the-wisps
  2 guardian serpents
  10 naga magi
  24 black mambas
  2 gargoyles
  4 centaur skeletons (D:14)
  11 cane toads
  A dire elephant skeleton (Lair:5)
  An unseen horror (D:11)
  4 rime drakes
  6 kobold demonologists
  An efreet (D:15)
  8 komodo dragons
  7 yaktaurs
  An ice devil (Lair:3)
  2 freezing wraiths (D:8)
  A bloated husk (Swamp:2)
  7 trolls
  3 meliai (D:14)
  6 polar bears
  2 dancing weapons (Orc:2)
  5 hornets
  18 blink frogs
  4 dream sheep (Lair:3)
  4 tyrant leeches
  4 slime creatures
  4 spectral elephants (Lair:5)
  A shadow (D:13)
  2 centaur simulacra (D:11)
  A dire elephant simulacrum (Lair:3)
  7 wyverns
  A vampire (D:11)
  5 wraiths
  4 basilisks
  A human (D:14)
  55 yaks
  4 fire elementals (Snake:1)
  4 death yak simulacra
  13 vampire mosquitoes
  2 steam dragons
  3 wargs (Orc:2)
  8 swamp worms
  A spectral cane toad (Lair:5)
  24 nagas
  11 water moccasins
  3 acid dragons
  2 hell hounds (Snake:1)
  4 sky beasts
  A swamp drake (Swamp:1)
  4 black bears
  An ice beast (D:5)
  22 orc warriors
  A boggart (D:14)
  3 ogres (Orc:1)
  An elephant zombie (Lair:5)
  12 wolves
  11 centaurs
  3 phantoms
  7 kobold brigands
  A gnoll sergeant (D:8)
  7 bullfrogs
  A two-headed ogre simulacrum (Lair:3)
  A scorpion (D:7)
  4 killer bees (D:9)
  2 electric eels
  2 elephant simulacra (Lair:5)
  5 hounds
  4 jellies
  31 orc priests
  3 sleepcaps
  9 iguanas
  31 orc wizards
  5 gnolls
  A naga simulacrum (Lair:3)
  11 adders
  2 river rats (Sewer)
  7 white imps
  5 ufetubi
  2 worms
  2 dart slugs
  111 orcs
  10 ball pythons
  6 endoplasms
  5 giant cockroaches
  5 goblins
  7 hobgoblins
  8 jackals
  18 kobolds
  3 quokkas
  7 bats
  6 frilled lizards
  4 rats
901 creatures vanquished.

Vanquished Creatures (collateral kills)
  A naga sharpshooter (Snake:4)
  A hornet (Swamp:3)
  3 nagas
  8 orc warriors (Orc:2)
  5 orc priests
  A gnoll (D:8)
  13 orcs
32 creatures vanquished.

Vanquished Creatures (others)
  3 bloated husks
  24 dancing weapons
  18 foxfires (Swamp:1)
  7 fulminant prisms
52 creatures vanquished.

Grand Total: 985 creatures vanquished

Notes
Turn   | Place    | Note
-------+----------+-------------------------------------------
     0 | D:1      | LynnLen the Spriggan Enchanter began the quest for the Orb.
     0 | D:1      | Reached XP level 1. HP: 9/9 MP: 5/5
   280 | D:1      | Reached skill level 5 in Stealth
   280 | D:1      | Reached XP level 2. HP: 13/13 MP: 6/6
   859 | D:1      | Learned a level 2 spell: Ensorcelled Hibernation
   909 | D:2      | Reached XP level 3. HP: 16/16 MP: 5/8
   913 | D:2      | Learned a level 3 spell: Confusing Touch
   990 | D:2      | Found Fitwoter's Magic Scroll Boutique.
  1009 | D:2      | Bought a scroll of identify for 26 gold pieces
  1068 | D:2      | Found a stormy altar of Qazlal.
  1434 | D:2      | Reached skill level 6 in Stealth
  1534 | D:2      | Identified the +2 robe "Oxzatseja" {MP+9}
  1656 | D:2      | Reached XP level 4. HP: 21/21 MP: 9/9
  1665 | D:2      | Learned a level 3 spell: Tukima's Dance
  1840 | D:3      | Found a glowing drain.
  1948 | Sewer    | Entered a sewer
  2076 | Sewer    | Noticed a kobold brigand
  2103 | Sewer    | Killed a kobold brigand
  2104 | Sewer    | Reached skill level 7 in Stealth
  2104 | Sewer    | Reached XP level 5. HP: 19/24 MP: 10/10
  2314 | Sewer    | Reached skill level 1 in Ice Magic
  2382 | Sewer    | Reached XP level 6. HP: 28/28 MP: 11/11
  2466 | Sewer    | Reached skill level 5 in Hexes
  2570 | Sewer    | Reached skill level 8 in Stealth
  3026 | D:3      | Found a faded altar of an unknown god.
  3207 | D:3      | Found an opulent altar of Gozag.
  3208 | D:3      | Found a shimmering altar of Xom.
  3209 | D:3      | Found a snail-covered altar of Cheibriados.
  3214 | D:3      | Found a basalt altar of Yredelemnul.
  3225 | D:3      | Found a bloodstained altar of Trog.
  3228 | D:3      | Found an ancient bone altar of Kikubaaqudgha.
  3235 | D:3      | Found a shimmering blue altar of Sif Muna.
  3237 | D:3      | Found a white marble altar of Elyvilon.
  3731 | D:4      | You fall into a shaft and drop 2 floors!
  3743 | D:5      | Entered Level 5 of the Dungeon
  3859 | D:4      | Found a burning altar of Makhleb.
  3930 | D:4      | Found a hide-covered altar of Uskayaw.
  4028 | D:4      | Reached XP level 7. HP: 32/32 MP: 12/12
  4105 | D:4      | Found a shadowy altar of Dithmenos.
  4121 | D:4      | Became a worshipper of Dithmenos the Shadowed
  4274 | D:4      | Found a broken altar of Ashenzari.
  4274 | D:4      | Found an iron altar of Okawaru.
  4334 | D:5      | Found a staircase to the Ecumenical Temple.
  4376 | D:5      | Reached skill level 9 in Stealth
  4616 | D:5      | Reached skill level 10 in Stealth
  4896 | D:6      | Noticed a steam dragon
  4899 | D:6      | Killed a steam dragon
  4900 | D:6      | Reached XP level 8. HP: 36/36 MP: 13/13
  5017 | D:6      | Noticed Pikel
  5072 | D:6      | Found a transporter.
  5088 | D:6      | Noticed middlethird's ghost (amateur VSRe)
  5121 | D:6      | Found an ornate altar of the Wu Jian Council.
  5121 | D:6      | Found a glowing golden altar of the Shining One.
  5177 | D:6      | Reached skill level 5 in Short Blades
  5177 | D:6      | Reached skill level 11 in Stealth
  5534 | D:6      | Killed Pikel
  5717 | D:6      | Reached * piety under Dithmenos
  6174 | D:6      | Found a transporter.
  6270 | D:7      | Reached XP level 9. HP: 26/39 MP: 9/14
  6591 | D:7      | Noticed a two-headed ogre
  6591 | D:7      | Noticed a komodo dragon
  6591 | D:7      | Noticed a komodo dragon
  6613 | D:7      | Killed a two-headed ogre
  6614 | D:7      | Reached skill level 12 in Stealth
  6740 | D:7      | Killed a komodo dragon
  6760 | D:7      | Killed a komodo dragon
  6879 | D:7      | Noticed a cyclops
  6949 | D:7      | Noticed a two-headed ogre
  7418 | D:7      | Reached skill level 1 in Fighting
  7423 | D:7      | Reached skill level 13 in Stealth
  7825 | D:7      | Reached XP level 10. HP: 46/46 MP: 11/16
  8195 | D:7      | Killed a two-headed ogre
  8541 | D:8      | Reached ** piety under Dithmenos
  8590 | D:8      | Reached skill level 1 in Evocations
  8696 | D:8      | Reached skill level 1 in Invocations
  9080 | D:8      | Noticed a two-headed ogre
  9083 | D:8      | Killed a two-headed ogre
  9084 | D:8      | Reached skill level 14 in Stealth
  9146 | D:8      | Reached skill level 5 in Dodging
  9376 | D:8      | Found the +8 frozen axe "Frostbite" {freeze, freezing
                  | cloud, *Noise Fly rC+}
  9743 | D:9      | Found a staircase to the Lair.
  9770 | D:9      | Reached skill level 5 in Spellcasting
  9826 | D:9      | Noticed Erolcha
  9836 | D:9      | Killed Erolcha
  9837 | D:9      | Reached XP level 11. HP: 51/51 MP: 19/19
  9877 | D:9      | Found a sacrificial altar of Ru.
  9878 | D:9      | Found Aset's Jewellery Emporium.
 10071 | D:9      | Bought a +6 ring of intelligence for 468 gold pieces
 10078 | D:9      | Learned a level 4 spell: Olgreb's Toxic Radiance
 10427 | D:9      | Found a staircase to the Orcish Mines.
 10458 | D:9      | Reached *** piety under Dithmenos
 10528 | D:9      | Reached skill level 1 in Poison Magic
 11011 | Lair:1   | Entered Level 1 of the Lair of Beasts
 11235 | Lair:1   | Noticed Harold
 11242 | Lair:1   | Killed Harold
 11279 | Lair:1   | Reached skill level 15 in Stealth
 11283 | Lair:1   | Reached skill level 10 in Short Blades
 11591 | Lair:2   | Found a staircase to the Snake Pit.
 11596 | Lair:2   | Reached skill level 10 in Hexes
 12341 | Lair:2   | Noticed a bog body
 12346 | Lair:2   | Noticed a bog body
 12347 | Lair:2   | Killed a bog body
 12379 | Lair:2   | Killed a bog body
 12379 | Lair:2   | Reached **** piety under Dithmenos
 12380 | Lair:2   | Reached XP level 12. HP: 58/58 MP: 19/22
 12389 | Lair:2   | Reached skill level 16 in Stealth
 12389 | Lair:2   | Reached skill level 5 in Evocations
 12392 | Lair:2   | Found a staircase to the Swamp.
 13753 | Lair:3   | Noticed a death yak
 13753 | Lair:3   | Noticed a death yak
 13777 | Lair:3   | Noticed a five-headed hydra
 13788 | Lair:3   | Killed a five-headed hydra
 13846 | Lair:3   | Noticed an ice dragon
 13901 | Lair:3   | Reached skill level 17 in Stealth
 13950 | Lair:3   | Noticed a six-headed hydra
 13983 | Lair:3   | Killed a six-headed hydra
 13984 | Lair:3   | Identified the ring "Walinec" {MP+9 AC+4 Int+2}
 14486 | Lair:3   | Reached skill level 5 in Invocations
 14486 | Lair:3   | Reached XP level 13. HP: 63/63 MP: 25/25
 14630 | D:9      | Bought the ring "Beitwid" {+Blink rF+ Int+6} for 670 gold
                  | pieces
 14731 | Lair:3   | Identified the +6 war axe "Eviscerator" {venom, rF+}
 15621 | Lair:3   | Reached ***** piety under Dithmenos
 15974 | Lair:3   | Reached skill level 5 in Fighting
 16359 | Lair:4   | Reached skill level 5 in Poison Magic
 16448 | Lair:4   | Reached skill level 18 in Stealth
 16681 | Lair:4   | Found a staircase to the Slime Pits.
 16681 | Lair:4   | Found a viscous altar of Jiyva.
 17788 | Lair:5   | Entered Level 5 of the Lair of Beasts
 17878 | Lair:5   | Found an opulent altar of Gozag.
 18317 | Lair:5   | Noticed a dire elephant
 18671 | Lair:5   | Learned a level 4 spell: Fulminant Prism
 18878 | Lair:5   | Reached XP level 14. HP: 67/68 MP: 27/27
 19343 | Lair:5   | Reached skill level 19 in Stealth
 20391 | Orc:1    | Entered Level 1 of the Orcish Mines
 20463 | Orc:1    | Learned a level 5 spell: Summon Mana Viper
 20468 | Orc:2    | Entered Level 2 of the Orcish Mines
 20539 | Orc:2    | Found a staircase to the Elven Halls.
 20539 | Orc:2    | Noticed an orc warlord
 20564 | Orc:2    | Found a gate leading to a gauntlet.
 20578 | Gauntlet | Entered a Gauntlet
 20578 | Gauntlet | Found a transporter.
 20589 | Gauntlet | Found a transporter.
 20607 | Gauntlet | Found a transporter.
 20615 | Gauntlet | Found a transporter.
 20639 | Gauntlet | Found a transporter.
 20653 | Gauntlet | Found a transporter.
 20665 | Gauntlet | Found a transporter.
 20680 | Gauntlet | Found a transporter.
 20689 | Gauntlet | Found a transporter.
 20701 | Gauntlet | Found a transporter.
 20719 | Gauntlet | Found a transporter.
 20737 | Gauntlet | Found a transporter.
 20739 | Gauntlet | Found a transporter.
 20741 | Gauntlet | Found a runed translucent gate.
 20741 | Gauntlet | Found a runed translucent gate.
 20741 | Gauntlet | Found a runed translucent gate.
 20742 | Gauntlet | Found a large runed translucent door.
 20742 | Gauntlet | Found a large runed translucent door.
 20744 | Gauntlet | Found a large runed translucent door.
 20745 | Gauntlet | Found a large runed translucent door.
 20752 | Gauntlet | Found a large runed translucent door.
 20752 | Gauntlet | Found a large runed translucent door.
 20753 | Gauntlet | Found a large runed translucent door.
 20753 | Gauntlet | Found a large runed translucent door.
 20755 | Gauntlet | Found a large runed translucent door.
 20755 | Gauntlet | Found a large runed translucent door.
 20755 | Gauntlet | Found a runed translucent door.
 20755 | Gauntlet | Found a runed translucent door.
 20756 | Gauntlet | Found a large runed translucent door.
 20757 | Gauntlet | Found a large runed translucent door.
 20795 | Gauntlet | Found a transporter.
 20797 | Gauntlet | Found a transporter.
 20797 | Gauntlet | Found a transporter.
 20825 | Gauntlet | Found a large runed translucent door.
 20825 | Gauntlet | Found a large runed translucent door.
 20831 | Gauntlet | Found a transporter.
 20862 | Gauntlet | Found a transporter.
 20862 | Gauntlet | Found a large runed translucent door.
 20862 | Gauntlet | Found a large runed translucent door.
 21030 | Gauntlet | Identified the +0 cloak of Compassion {+Blink Will- Int+5}
 21115 | Gauntlet | Identified the ring of Mamai {Fly rF- rC++ Dex+3}
 21211 | Orc:2    | Noticed an orc warlord
 21873 | Orc:2    | Found Plog's Assorted Antiques.
 22070 | Orc:2    | Reached ****** piety under Dithmenos
 22085 | Orc:2    | Killed an orc warlord
 22187 | Orc:2    | Killed an orc warlord
 23914 | Orc:2    | Found Duliaschu's General Store.
 24172 | Orc:2    | Noticed an orc warlord
 24226 | Orc:2    | Killed an orc warlord
 24353 | Orc:2    | Found Konwem's Antique Weapon Shop.
 24356 | Orc:2    | Found Qugol's Antique Armour Boutique.
 24586 | Orc:2    | Reached skill level 10 in Dodging
 25586 | D:10     | Entered Level 10 of the Dungeon
 25604 | D:10     | Found Ystry's Demolitions Depot.
 25998 | D:10     | Found a runed translucent gate.
 25998 | D:10     | Found a runed translucent gate.
 25999 | D:10     | Found a runed translucent gate.
 26807 | D:11     | Noticed Gastronok
 26812 | D:11     | Killed Gastronok
 26901 | D:11     | Found a frozen archway.
 26996 | D:11     | Reached skill level 20 in Stealth
 27017 | D:11     | Found Kuqainn's Magic Scroll Shop.
 27020 | D:11     | Noticed Urug
 27027 | D:11     | Killed Urug
 27043 | D:11     | Bought a scroll of acquirement for 572 gold pieces
 27046 | D:11     | Acquired 804 gold pieces
 27295 | D:11     | Reached XP level 15. HP: 64/73 MP: 29/29
 27378 | D:11     | Identified the +0 robe of Insurance {+Inv Slay+3}
 27917 | D:12     | Found a runed translucent door.
 27925 | D:12     | Noticed spardeous's ghost (journeyman FeEE)
 27925 | D:12     | Noticed a fire giant
 28008 | D:12     | Found an iron altar of Okawaru.
 28978 | D:12     | Killed a fire giant
 28995 | D:12     | Killed spardeous's ghost
 29423 | D:13     | Reached skill level 10 in Spellcasting
 29567 | D:13     | Acquired a book of Misfortune
 29580 | D:13     | Learned a level 7 spell: Enfeeble
 29986 | D:14     | Reached skill level 15 in Hexes
 30068 | D:14     | Reached skill level 10 in Evocations
 30081 | D:14     | Found a gate to the Vaults.
 30322 | D:15     | Entered Level 15 of the Dungeon
 31141 | D:15     | Reached skill level 21 in Stealth
 31206 | D:15     | Found a staircase to the Depths.
 32735 | Snake:1  | Entered Level 1 of the Snake Pit
 32781 | Snake:1  | Identified the +5 quarterstaff of Terror {pain, rPois Dex+2
                  | Stlth+}
 32808 | Snake:1  | Found Uniclec's Magic Scroll Shoppe.
 32811 | Snake:1  | Found Kybuph's General Store.
 32813 | Snake:1  | Found Axzeinn's Weapon Shoppe.
 32816 | Snake:1  | Noticed Aizul
 32840 | Snake:1  | Killed Aizul
 32848 | Snake:1  | Bought a scroll of magic mapping for 82 gold pieces
 32950 | Snake:1  | Noticed Azrael
 33049 | Snake:1  | Killed Azrael
 33104 | Snake:1  | Noticed Louise
 33549 | Snake:1  | Killed Louise
 33608 | Snake:1  | Identified Roxanne's Atlas of the Gestalt
 33608 | Snake:1  | Noticed Roxanne
 33841 | Snake:1  | Noticed Donald
 34282 | Swamp:1  | Entered Level 1 of the Swamp
 34658 | Snake:1  | Reached XP level 16. HP: 69/80 MP: 31/31
 34698 | Snake:1  | Learned a level 8 spell: Discord
 36439 | Snake:2  | Found a runed translucent gate.
 36439 | Snake:2  | Noticed alvan145's ghost (journeyman MiBe)
 36498 | Snake:2  | Found a runed translucent gate.
 36499 | Snake:2  | Found a runed translucent gate.
 36520 | Snake:2  | Reached skill level 22 in Stealth
 36706 | Snake:2  | Identified the +0 pair of boots of Cocytus {rN+}
 36865 | Snake:2  | Found Ankuugiv's Magic Scroll Boutique.
 38427 | Snake:3  | Found Ryxaekh's Antique Armour Shoppe.
 39187 | Snake:3  | Found Qotil's General Store.
 39189 | Snake:3  | Found Xugutev's Weapon Emporium.
 39348 | Snake:3  | Found Qallute's Weapon Shoppe.
 39597 | Snake:3  | Found Hudadeto's Distillery.
 41028 | Snake:4  | Entered Level 4 of the Snake Pit
 41134 | Snake:4  | HP: 4/81 [constriction (6)]
 41653 | Snake:4  | Found Wuaxyly's Distillery.
 41897 | Snake:3  | Acquired the +0 mask of the Dragon {Will+ Slay+3 SInv}
 41897 | Snake:3  | Found the +0 mask of the Dragon {Will+ Slay+3 SInv}
 43721 | Snake:3  | Reached skill level 23 in Stealth
 45054 | D:9      | Bought an amulet of reflection for 390 gold pieces
 45054 | D:9      | Bought a ring of poison resistance for 260 gold pieces
 45054 | D:9      | Bought a +4 ring of protection for 468 gold pieces
 46108 | Swamp:1  | Reached XP level 17. HP: 66/85 MP: 33/33
 49727 | Swamp:3  | HP: 4/85 [poisoned by a death drake (dark miasma)]
 50979 | Swamp:3  | Identified the +2 cloak of Dawn {rN+ Str+3}
 51130 | Swamp:4  | Entered Level 4 of the Swamp
 51337 | Swamp:3  | Slain by a spriggan rider

Illustrated notes

Levels and vault maps discovered:
D:1:      erik_arrival_orb_chamber, layout_rooms, hangedman_decor_lopped
D:2:      layout_basic, basic_altar, serial_shops, shop_statue,
          interstate_on_off
D:3:      layout_basic, nicolae_overflow_hallway_of_the_gods,
          cheibrodos_sewer_entry_drain, ebering_ecumenical_altar_rust,
          corner_web_ring
D:4:      layout_gridville, grunt_dithmenos_smoke_and_mirrors,
          nicolae_overflow_crystal_walls, mainiacjoe_overflow_cross_hatched,
          nicolae_overflow_two_pavilions
D:5:      layout_rooms, minmay_temple_entry_antechambers
D:6:      layout_cave_pools, gammafunk_temple_overflow_elements,
          gammafunk_ghost_smash, grunt_ministairs_6, uniq_pikel
D:7:      minmay_the_grid_four_pointed_star
          [minmay_the_grid_triangle_9x9_swiss_cheese,
          minmay_the_grid_triangle_9x9_cache,
          minmay_the_grid_triangle_9x9_alien,
          minmay_the_grid_triangle_9x9_thin_v,
          minmay_the_grid_prize_inner_circle], layout_loops_corners
D:8:      layout_basic, hellmonk_guarded_unrand_frostbite
D:9:      layout_loops_ring, lemuel_tele_altar, dpeg_oklobed_lair,
          hiddenorc2_lemuel, serial_shops, shop, uniq_erolcha
D:10:     layout_gridville, ploomutoo_gammafunk_ghost_potion_laboratory,
          nicolae_blasting_shop, minmay_lizard_king
D:11:     layout_loops_corners, serial_shops, nicolae_shop_just_a_little_nook,
          serial_ice, serial_ice_b, serial_ice_e, serial_ice_c, serial_ice_i,
          serial_ice_g, portal_ice_cave_entry_pillars_1, uniq_urug,
          uniq_gastronok
D:12:     kennysheep_blocky_hall, layout_stronghold, ebering_ghost_inner_flame,
          okawaru_altar_gauntlet_db
D:13:     layout_cross, kennysheep_small_circle
D:14:     layout_roguey, hangedman_vaults_entry_quadrant_bands, chequers_garden,
          grunt_livestock
D:15:     grunt_enter_depths_giant_problem, layout_layer_cave
Lair:1:   layout_big_grid, uniq_harold
Lair:2:   layout_gridlike, nicolae_swamp_entry_splash_gauntlet,
          minmay_snake_entry_spellcaster, lemuel_fruit_tree, grunt_megastairs_5,
          lemuel_fruit_fields, serial_bayou_shore_b
Lair:3:   dreamdust_isle_of_ice, layout_gridlike, pdpol_lair_cavern_descent,
          infiniplex_staircase_pool_2, serial_bayou_shore_b
Lair:4:   layout_long_grid, minmay_slime_entry_pillars, nicolae_lair_lindhole,
          grunt_megastairs_2
Lair:5:   due_jungle_book, layout_regular_city, basic_altar
Swamp:1:  layout_basic_swamp, serial_swamp_ruin, hangedman_swamp_ruin_hall,
          evilmike_swamp_ruin_house_1, evilmike_swamp_ruin_house_6, swamp_pool5,
          roderic_carrion_pond
Swamp:2:  nicolae_swamp_tree_isthmus, layout_basic_swamp,
          nicolae_swamp_fairy_circle
Swamp:3:  layout_falls_marsh, nicolae_swamp_feature_on_the_river_bank
Swamp:4:  swamp_basic_johnstein, layout_basic_swamp, infiniplex_staircase_pool
Snake:1:  layout_misc_corridors, minmay_shop_star, uniq_azrael, uniq_roxanne,
          uniq_aizul, uniq_donald, uniq_louise
Snake:2:  layout_grid_shapes, serial_shops, nicolae_shop_getting_attention,
          gammafunk_ghost_split, nicolae_snake_gridmaze_entwining
Snake:3:  layout_chambers, serial_shops, shop, nicolae_integral_box,
          minmay_shoptagon
Snake:4:  minmay_snake_end_coiled, layout_cave_town, serial_shops,
          nicolae_shop_hallway_stairs, serial_bayou_shore_b, uniq_nikola
Orc:1:    layout_diamond_mine
Orc:2:    grunt_orc_community_town_hall, layout_caves,
          grunt_orc_community_big_house_2, grunt_orc_community_big_house_2,
          grunt_orc_community_house_3, grunt_orc_community_house_3,
          grunt_orc_community_house_3, grunt_orc_community_house_3,
          grunt_orc_community_house_1, gauntlet_entry_generic,
          minmay_orc_temple_c

Skill      XL: |  1  2  3  4  5  6  7  8  9 10 11 12 13 14 15 16 17 |
---------------+----------------------------------------------------+-----
Stealth        | 5 6 7 8 10 11 13 14 15 17 18 20 21 23 | 23.7
Hexes          | 4 5 6 7 8 9 10 11 13 14 15 17 | 17.7
Short Blades   | 2 3 4 6 8 9 10 | 10.0
Ice Magic      | 1 2 3 4 |  4.4
Dodging        | 3 5 6 8 9 10 11 12 13 | 13.2
Spellcasting   | 3 5 6 7 8 9 10 11 12 | 12.2
Fighting       | 1 2 3 4 5 6 7 8 |  8.3
Evocations     | 2 4 6 8 9 10 | 10.0
Invocations    | 2 3 5 6 7 8 9 |  9.6
Poison Magic   | 2 4 5 6 7 |  7.0

Action                     |  1- 3 |  4- 6 |  7- 9 | 10-12 | 13-15 | 16-18 || total
---------------------------+-------+-------+-------+-------+-------+-------++-------
  Melee: Dagger            |   148 |   203 |   193 |   467 |  1821 |   705 ||  3537
         Punch             |     4 |     1 |     4 |    12 |    39 |     9 ||    69
   Cast: Ensorcelled Hiber |     8 |    23 |    34 |   110 |    38 |    48 ||   261
         Tukima's Dance    |       |     1 |    18 |     9 |    52 |    80 ||   160
         Confusing Touch   |       |       |     8 |    23 |   148 |   109 ||   288
         Olgreb's Toxic Ra |       |       |       |       |    20 |     1 ||    21
         Fulminant Prism   |       |       |       |       |     6 |     1 ||     7
 Invoke: Shadow Step       |       |       |       |       |       |     4 ||     4
Ability: Evoke Blink       |       |       |       |       |     1 |     1 ||     2
  Evoke: Wand              |       |       |       |     2 |     3 |     1 ||     6
         Box of beasts     |       |       |       |       |       |     1 ||     1
    Use: Scroll            |     5 |     1 |     6 |    10 |    20 |    10 ||    52
         Potion            |       |     5 |       |     1 |    11 |    20 ||    37
   Stab: Sleeping          |    14 |    20 |    29 |   107 |   152 |    70 ||   392
         Invisible         |       |     3 |       |       |       |       ||     3
         Distracted        |       |     1 |       |     2 |     6 |     4 ||    13
         Confused          |       |       |     7 |    20 |   147 |    87 ||   261
 Armour: Robe              |    25 |    32 |     4 |       |       |       ||    61
         Steam dragon scal |       |       |    18 |    34 |   140 |    64 ||   256
         Acid dragon scale |       |       |       |       |     1 |       ||     1
  Dodge: Dodged            |   128 |   139 |    99 |   250 |  1103 |   605 ||  2324
